 Dungeon Crawl Stone Soup version 0.31-a0-204-g7da18cac08 (webtiles) character file.

Game seed: 11691704892345898724

6533 innerfire43 the Fighter (level 10, -14/86 HPs)
             Began as a Demonspawn Monk on June 27, 2023.
             Was a High Priest of Cheibriados.
             Demolished by a red devil
             ... wielding a +0 trident
             ... summoned by a kobold demonologist
              (16 damage)
             ... on level 9 of the Dungeon.
             The game lasted 00:12:38 (8604 turns).

innerfire43 the Fighter (Demonspawn Monk)           Turns: 8604, Time: 00:12:39

Health: -14/86     AC:  1    Str: 35    XL:     10   Next: 69%
Magic:  0/10       EV: 16    Int: 29    God:    Cheibriados [*****.]
Gold:   686        SH:  0    Dex: 28    Spells: 9/9 levels left

rFire   . . .        v - +2 hand axe (flame)
rCold   . . .        d - orb {light}
rNeg    . . .        l - +8 chain mail of Sicoakke {rElec Int+4}
rPois   +            x - +0 helmet
rElec   +            w - +0 cloak
rCorr   .            p - +0 pair of gloves
SInv    .            (no boots)
Will    .....        g - amulet of guardian spirit Stlth
                     D - ring of poison resistance
HPRegen 0.34/turn    n - +6 ring of strength
MPRegen 0.12/turn

%: guardian spirit
@: spiked, corroded, glowing, very slow
A: claws 1, ignite blood 1, powered by pain 2
a: Renounce Religion, Bend Time, Temporal Distortion, Slouch, Step From Time


You were on level 9 of the Dungeon.
You worshipped Cheibriados.
Cheibriados was extremely pleased with you.
You visited 2 branches of the dungeon, and saw 10 of its levels.

You collected 686 gold pieces.

Inventory:

Hand Weapons
 c - a +1 hand axe of flaming
 e - a +3 hand axe
 h - a +2 short sword of flaming
 t - a +2 war axe
 v - a +2 hand axe of flaming (weapon)
Armour
 b - a +1 robe
 d - an orb of light (worn)
 l - the +8 chain mail of Sicoakke (worn) {rElec Int+4}
   (You found it on level 4 of the Dungeon)

   Int:       It affects your intelligence (+4).
   rElec:     It insulates you from electricity.
 p - a +0 pair of gloves (worn)
 w - a +0 cloak (worn)
 x - a +0 helmet (worn)
Jewellery
 g - an amulet of guardian spirit (around neck)
 n - a +6 ring of strength (right hand)
 D - a ring of poison resistance (left hand)
Wands
 r - a wand of mindburst (11)
 s - a wand of light (10)
 u - a wand of flame (4)
 y - a wand of roots (19)
 B - a wand of polymorph (5)
Scrolls
 a - a scroll of blinking
 f - 10 scrolls of identify
 k - a scroll of amnesia
 z - 2 scrolls of teleportation
 C - 2 scrolls of immolation
 H - a scroll of poison
 J - a scroll of torment {unknown}
 K - a scroll of enchant armour
Potions
 i - 2 potions of magic
 j - a potion of might {unknown}
 m - 3 potions of haste
 o - 3 potions of lignification {unknown}
 q - a potion of brilliance {unknown}
 A - a potion of degeneration {unknown}
 E - a potion of ambrosia
 F - 2 potions of curing
 G - a potion of attraction {unknown}
 I - a potion of berserk rage {unknown}


   Skills:
 * Level 10.5 Fighting
 - Level 2.7 Short Blades
 * Level 8.6 Axes
 + Level 4.8 Armour
 + Level 6.9 Dodging


You had 9 spell levels left.
You didn't know any spells.
Your spell library contained the following spells:

 Spells                   Type           Power      Damage    Failure   Level
 Apportation              Tloc           0%         N/A       32%         1
 Beastly Appendage        Tmut           0%         N/A       32%         1
 Shock                    Conj/Air       0%         1d3       32%         1
 Blink                    Tloc           0%         N/A       45%         2
 Lesser Beckoning         Tloc           0%         N/A       45%         2
 Momentum Strike          Conj/Tloc      0%         3d8       45%         2
 Poisonous Vapours        Pois/Air       0%         N/A       45%         2
 Sublimation of Blood     Necr           0%         N/A       45%         2
 Wereblood                Tmut           0%         N/A       45%         2
 Mephitic Cloud           Conj/Pois/Air  0%         N/A       69%         3
 Spider Form              Tmut/Pois      0%         N/A       69%         3
 Swiftness                Air            0%         N/A       69%         3
 Airstrike                Air            0%         2d(0-16)  97%         4
 Alistair's Intoxication  Tmut/Pois      0%         N/A       100%        5
 Freezing Cloud           Conj/Ice/Air   0%         6-21      100%        5
 Summon Hydra             Summ           0%         N/A       100%        7


Dungeon Overview and Level Annotations

Branches:
Dungeon (9/15)             Temple (1/1) D:4            Lair (0/5) D:9
    Orc: D:9-12

Altars:
Ashenzari
Cheibriados
Dithmenos
Fedhas
Gozag
Hepliaklqana
Makhleb
Nemelex Xobeh
Okawaru
Qazlal
Trog
Uskayaw
Vehumet
Wu Jian
Xom
Yredelemnul

Shops:
D:2 (   D:4 ::   D:7 !


Innate Abilities, Weirdness & Mutations

You have sharp fingernails.
Your demonic aura sometimes causes spilled blood to erupt in flames.
You sometimes gain power by taking damage.


Message History

You hit the kobold demonologist but do no damage.
You hit the kobold brigand but do no damage.
You hit the kobold demonologist but do no damage.
The kobold demonologist hits you with a +0 dagger.
The orange demon stings you from afar.
The red devil hits you from afar with a +0 trident.
Barbed spikes become lodged in your body.
The kobold demonologist hits you with a +0 dagger.
The hellwing hits you!
* * * LOW HITPOINT WARNING * * *
The hellwing barely misses you. The rust devil closely misses you.
You hit the rust devil.
The rust devil is severely wounded.
You hit the kobold brigand. You burn the kobold brigand.
You closely miss the kobold demonologist.
You hit the hellwing but do no damage.
You closely miss the kobold demonologist.
The orange demon disappears in a puff of smoke!
The kobold demonologist hits you with a +0 dagger.
* * * LOW HITPOINT WARNING * * *
The kobold demonologist hits you but does no damage.
The red devil hits you from afar with a +0 trident!
* * * LOW HITPOINT WARNING * * *
Barbed spikes become lodged in your body.
The hellwing hits you but does no damage.
The hellwing completely misses you. The rust devil hits you.
* * * LOW HITPOINT WARNING * * *
The rust devil corrodes you! The kobold brigand closely misses you.
You hit the rust devil but do no damage.
The rust devil is severely wounded.
You hit the kobold brigand but do no damage.
You closely miss the kobold demonologist.
You hit the hellwing but do no damage. You hit the kobold demonologist.
You burn the kobold demonologist.
The kobold demonologist hits you with a +0 dagger.
* * * LOW HITPOINT WARNING * * *
The kobold demonologist hits you with a +0 dagger.
* * * LOW HITPOINT WARNING * * *
The red devil hits you from afar with a +0 trident!
You die...

.....~......... ##
..~.?~......~... #.
..~~≈~~~..~~......... #.
~~≈~≈≈≈~~≈≈≈≈~...... #.
≈~~~.≈~~≈≈≈≈~~~.... #.
≈~..~...≈≈≈~....... #.
≈~~..§K4≈~~~~~...#######
≈~..>KK@................
≈~~..K4K~~~~~~†.........
≈≈.≈~4≈≈≈†~≈≈≈~.........
≈≈≈≈≈≈≈≈~.≈~≈~....†.....
YY≈≈≈≈≈≈≈~.~.≈..†.†.....
.Y≈≈≈≈≈~~~..~.†.........
Y≈≈≈≈≈~~......~....#####
~~≈~~~~.................
#......#...............


You could see a hellwing (summoned), a rust devil (summoned), 2 kobold
demonologists, 4 yaks, a red devil (summoned), a kobold brigand and 2 kobolds.

Vanquished Creatures
  A cyclops (D:9)
  Maurice (D:9)
  3 trolls
  Grinder (D:3)
  5 yaks (D:8)
  A wyvern (D:9)
  Menkaure (D:4)
  A water moccasin (D:5)
  An orc warrior (D:9)
  2 ice beasts (D:5)
  A sky beast (D:6)
  2 black bears
  4 ogres
  3 wolves (D:9)
  4 centaurs
  A kobold brigand (D:4)
  A phantom (D:5)
  A bullfrog (D:7)
  A scorpion (D:6)
  7 wights
  5 howler monkeys
  4 electric eels (D:9)
  3 jellies
  3 gnoll boudas
  8 orc priests
  6 hounds
  7 iguanas
  4 sleepcaps
  8 orc wizards
  13 gnolls
  8 adders
  A shadow imp (D:8)
  A white imp (D:6)
  An ufetubus (D:6)
  A worm (D:2)
  A dart slug (D:1)
  44 orcs
  5 bats
  4 endoplasms
  4 giant cockroaches
  22 goblins
  5 hobgoblins
  4 jackals (D:2)
  3 quokkas
  9 ball pythons
  4 frilled lizards
  5 kobolds
  7 rats
  A spectral orc (D:7)
233 creatures vanquished.

Notes
Turn   | Place    | Note
-------+----------+-------------------------------------------
     0 | D:1      | innerfire43 the Demonspawn Monk began the quest for the
                  | Orb.
     0 | D:1      | Reached XP level 1. HP: 18/18 MP: 1/1
   234 | D:1      | Gained mutation: You sometimes gain a little power by
                  | taking damage. [demonic ancestry]
   234 | D:1      | Reached XP level 2. HP: 21/24 MP: 2/2
   581 | D:2      | Reached XP level 3. HP: 19/30 MP: 1/3
   653 | D:2      | Reached skill level 1 in Short Blades
   775 | D:2      | Noticed a +0 rapier
   778 | D:2      | Found Barghen's Weapon Emporium.
   779 | D:2      | Noticed a +0 giant spiked club
   823 | D:2      | Found a faded altar of an unknown god.
   875 | D:2      | Reached skill level 4 in Fighting
   928 | D:2      | Reached XP level 4. HP: 34/37 MP: 1/4
  1504 | D:3      | Reached XP level 5. HP: 28/43 MP: 2/5
  1878 | D:3      | Noticed Grinder
  1891 | D:3      | Paralysed by Grinder for 3 turns
  1913 | D:3      | Killed Grinder
  1914 | D:3      | Reached skill level 5 in Fighting
  1914 | D:3      | Reached XP level 6. HP: 26/52 MP: 4/6
  2155 | D:3      | Found an opulent altar of Gozag.
  2656 | D:4      | Noticed Menkaure
  2656 | D:4      | Found Gyrchob Veod's Book Shoppe.
  2664 | D:4      | Killed Menkaure
  2665 | D:4      | Reached skill level 6 in Fighting
  2665 | D:4      | Reached XP level 7. HP: 48/58 MP: 4/7
  2706 | D:4      | Identified the +8 chain mail of Sicoakke {rElec Int+4}
  2963 | D:4      | Found a staircase to the Ecumenical Temple.
  3033 | Temple   | Entered the Ecumenical Temple
  3042 | Temple   | Became a worshipper of Cheibriados the Contemplative
  3042 | Temple   | Reached * piety under Cheibriados
  3042 | Temple   | Reached ** piety under Cheibriados
  3195 | D:4      | Found Jinoh's Tiny Tomes.
  4122 | D:5      | Entered Level 5 of the Dungeon
  4257 | D:5      | Reached skill level 7 in Fighting
  4257 | D:5      | Gained mutation: Your demonic aura sometimes causes spilled
                  | blood to erupt in flames. [demonic ancestry]
  4257 | D:5      | Reached XP level 8. HP: 54/67 MP: 6/8
  4374 | D:5      | Reached skill level 1 in Armour
  4426 | D:5      | Reached *** piety under Cheibriados
  4440 | D:5      | Reached skill level 5 in Dodging
  4940 | D:5      | Reached skill level 5 in Axes
  5005 | D:5      | Found an iron altar of Okawaru.
  5533 | D:5      | Found a shadowy altar of Dithmenos.
  5630 | D:6      | Reached skill level 8 in Fighting
  5651 | D:6      | Reached **** piety under Cheibriados
  5659 | D:6      | Gained mutation: You have sharp fingernails. [demonic
                  | ancestry]
  5659 | D:6      | Reached XP level 9. HP: 73/74 MP: 7/9
  6426 | D:7      | Found Wekaugh's Distillery.
  6694 | D:7      | Found a basalt altar of Yredelemnul.
  6768 | D:7      | Reached ***** piety under Cheibriados
  6884 | D:7      | Found a stormy altar of Qazlal.
  7126 | D:8      | Reached skill level 9 in Fighting
  7382 | D:8      | Gained mutation: You sometimes gain power by taking damage.
                  | [demonic ancestry]
  7382 | D:8      | Reached XP level 10. HP: 66/80 MP: 8/10
  7873 | D:8      | Found a burning altar of Makhleb.
  8131 | D:9      | Noticed Maurice
  8132 | D:9      | Found a radiant altar of Vehumet.
  8138 | D:9      | Killed Maurice
  8139 | D:9      | Reached skill level 10 in Fighting
  8395 | D:9      | Noticed a cyclops
  8403 | D:9      | Killed a cyclops
  8568 | D:9      | Found a staircase to the Lair.
  8586 | D:9      | Noticed an orange demon
  8588 | D:9      | Noticed a rust devil
  8604 | D:9      | HP: 2/86 [kobold demonologist/+0 dagger (3)]
  8604 | D:9      | Demolished by a red devil

Illustrated notes

Levels and vault maps discovered:
D:1:      elethiomel_arrival_shortcut, layout_basic
D:2:      layout_rooms, serial_shops, nicolae_shop_mannequins,
          hellmonk_ecumenical_altar_run_dry, st_stairs_2,
          minmay_worlds_worst_comb
D:3:      kennysheep_six_static_rooms, layout_loops_ring,
          nicolae_gozag_cash_rules_everything_around_me, uniq_grinder
D:4:      kennysheep_the_goblin_king, layout_loops_ring,
          minmay_temple_entry_antechambers, serial_shops, nicolae_stop_n_shop_2,
          nicolae_shop_i_like_small_books_too, grunt_ministairs_3, uniq_menkaure
D:5:      layout_layer_cave, okawaru_gym_becter, grunt_dithmenos_shadows
D:6:      layout_loops_ring, serial_rivers, chequers_serial_rivers_small_3,
          chequers_serial_rivers_large_a, chequers_serial_rivers_large_b,
          chequers_serial_rivers_micro_c, chequers_serial_rivers_micro_b,
          chequers_serial_rivers_micro_a, grunt_tough_drop
D:7:      layout_rooms, grunt_qazlal_sundering,
          yredelemnul_forgotten_temple_becter, serial_shops, shop
D:8:      layout_basic, mainiacjoe_overflow_catwalk, enter_bailey_3,
          chequers_serial_rivers_small_a
D:9:      layout_grid_maze, vehumet_altar_wand_db, mainiacjoe_overflow_paths,
          erik_lair_island, uniq_maurice
Temple:   hellmonk_temple_two_chambers

Skill      XL: |  1  2  3  4  5  6  7  8  9 10 |
---------------+-------------------------------+-----
Dodging        | 3 4 5 6 |  6.9
Short Blades   | 1 2 |  2.7
Fighting       | 4 5 6 7 8 9 10 | 10.5
Axes           | 3 4 5 7 8 |  8.6
Armour         | 2 3 4 |  4.8

Action                     |  1- 3 |  4- 6 |  7- 9 | 10-12 || total
---------------------------+-------+-------+-------+-------++-------
  Melee: Hand axe          |    12 |     6 |   332 |   132 ||   482
         Short sword       |    91 |   120 |       |       ||   211
    Use: Potion            |       |     1 |     1 |       ||     2
         Scroll            |       |     6 |     4 |     2 ||    12
 Armour: Robe              |    37 |    10 |     2 |       ||    49
         Chain mail        |       |       |   157 |    94 ||   251
  Dodge: Dodged            |    99 |    62 |   249 |   161 ||   571

Table legend: (Time is in decaauts)
 A = Elapsed time spent in this place.
 B = Non-inter-level travel time spent in this place.
 C = Inter-level travel time spent in this place.
 D = Time resting spent in this place.
 E = Time spent auto-exploring this place.
 F = Levels seen in this place.
 G = Mean time per level.
                   A        B        C        D        E       F      G
               +--------+--------+--------+--------+--------+-----+--------+
         Total |  11239 |  10698 |    541 |      0 |   8930 |  10 | 1123.9 |
       Dungeon |  11207 |  10674 |    533 |      0 |   8930 |   9 | 1245.2 |
        Temple |     32 |     24 |      8 |      0 |      0 |   1 |   32.0 |
               +--------+--------+--------+--------+--------+-----+--------+

Top non-repeatable levels by time:
     D:5: 2178 daAuts
     D:4: 1776 daAuts
     D:8: 1600 daAuts
     D:3: 1491 daAuts
     D:6: 1387 daAuts
     D:7: 963 daAuts
     D:9: 660 daAuts
     D:2: 593 daAuts
     D:1: 555 daAuts
  Temple: 32 daAuts
